 Dungeon Crawl Stone Soup version 0.13-a0-2417-g818e1a6 (webtiles) character file.

1258 Rycklaryybbe the Covert (level 7, -2/46 HPs)
             Began as a Vampire Enchanter on July 17, 2013.
             Was an Initiate of Ashenzari.
             Shot with an arrow of flame by a wight (15 damage)
             ... on Level 6 of the Dungeon.
             The game lasted 00:49:19 (10617 turns).

Rycklaryybbe the Covert (Vampire Enchanter)        Turns: 10617, Time: 00:49:19

HP  -2/46        AC  5     Str  8      XL: 7   Next: 88%
MP   6/14        EV 13     Int 17      God: Ashenzari [......]
Gold 318         SH  0     Dex 15      Spells:  4 memorised,  3 levels left

Res.Fire  : . . .   See Invis. : +   i - +1,+3 scimitar
Res.Cold  : + + .   Warding    : .   E - +2 robe
Life Prot.: + + +   Conserve   : .   (no shield)
Res.Poison: +       Res.Corr.  : .   o - +0 cap (curse)
Res.Elec. : .       Clarity    : .   (no cloak)
Sust.Abil.: . .     Spirit.Shd : .   (no gloves)
Res.Mut.  : .       Stasis     : .   G - +0 pair of elf boots (curse)
Res.Rott. : +       Flight     : .   h - cursed amulet of the gourmand
Saprovore : . . .                    (no ring)
                                     K - cursed ring of positive energy

@: regenerating slowly, slightly resistant to hostile enchantments, extremely
stealthy
A: bottle blood, fangs 3, see invisible, unbreathing
a: Bat Form, Bottle Blood, Renounce Religion


You were on level 6 of the Dungeon.
You worshipped Ashenzari.
Ashenzari was pleased with you.
You were near bloodless.

You visited 2 branches of the dungeon, and saw 7 of its levels.

You collected 298 gold pieces.

Inventory:

Hand weapons
 a - a +1,+1 dagger {=f}
 b - a +4,+1 elven vampiric long sword
 i - a +1,+3 scimitar (weapon)
 v - a +0,+0 bow of frost
 A - a -1,+2 orcish dagger of returning (quivered)
Missiles
 d - 9 darts
 k - a dart of dispersal
Armour
 j - a +0 robe
 o - a cursed +0 cap (worn)
 r - a cursed +0 elven robe
 t - a +0 elven leather armour
 E - a +2 robe (worn)
 G - a cursed +0 pair of elven boots (worn)
Scrolls
 e - 4 scrolls of remove curse
 f - a scroll of enchant weapon II
 l - 3 scrolls of curse jewellery
 m - a scroll of blinking {unknown}
 s - 3 scrolls of identify
 w - 2 scrolls of teleportation
 y - a scroll of curse weapon
 D - 2 scrolls of enchant armour
Jewellery
 h - a cursed amulet of the gourmand (around neck)
 K - a cursed ring of positive energy (left hand)
Potions
 g - 3 potions of curing
 n - 3 potions of heal wounds {unknown}
 p - 2 potions of might {unknown}
 x - 3 potions of agility {unknown}
 z - 2 potions of resistance {unknown}
 H - a potion of magic {unknown}
Books
 c - a book of Maledictions

   Spells                             Type                      Level
   *Corona                            Hexes                        1
   *Sure Blade                        Hexes/Charms                 2
   *Ensorcelled Hibernation           Hexes/Ice                    2
   *Confuse                           Hexes                        3
   Enslavement                        Hexes                        4
   Invisibility                       Hexes                        6
 u - a book of Geomancy

   Spells                             Type                      Level
   Sandblast                          Earth                        1
   Stoneskin                          Transmutation/Earth          2
   Passwall                           Transmutation/Earth          3
   Stone Arrow                        Conjuration/Earth            3
   Petrify                            Transmutation/Earth          4
   Lee's Rapid Deconstruction         Earth                        5


   Skills:
 - Level 2.0 Short Blades
 - Level 1.7 Long Blades
 - Level 0.7 Throwing
 * Level 3.2 Dodging
 * Level 10.0 Stealth
 - Level 2.6 Spellcasting
 + Level 8.4 Hexes


You had 3 spell levels left.
You knew the following spells:

 Your Spells              Type           Power        Failure   Level  Hunger
a - Corona                Hex            ####...      1%          1    #......
b - Ensorcelled Hibernat  Hex/Ice        ###...       6%          2    ##.....
c - Sure Blade            Hex/Chrm       ###.......   6%          2    ##.....
d - Confuse               Hex            ####....     1%          3    ###....


Dungeon Overview and Level Annotations

Branches:
Dungeon (6/27)             Temple (1/1) D:4
    Orc: D:6-11

Altars:
Ashenzari
Cheibriados
Elyvilon
Fedhas
Kikubaaqudgha
Nemelex Xobeh
Okawaru
Sif Muna
Trog
Vehumet
Xom
Yredelemnul
Zin
the Shining One

Annotations
D:4 Menkaure


Innate Abilities, Weirdness & Mutations

You heal slowly.
You can bottle blood from corpses.
You have razor-sharp teeth.*
You have supernaturally acute eyesight.
You can survive without breathing.*


Message History

You hit the wight.
The wight is moderately damaged.
The rat barely misses you. The wight hits you with a halberd!
The rat bites you.
* * * LOW HITPOINT WARNING * * *
The wight picks up an uncursed bow of flame.
The wight picks up 15 arrows.
Casting: Ensorcelled Hibernation
Confirm with . or Enter, or press ? or * to list all spells.
You cannot bond with this weapon.
Unknown command.
Press: ? - help, v - describe, . - travel
Here: a wight, wielding a dagger and wearing a robe The floor, spattered with blood.
Unknown command.
The wight unwields an uncursed dagger.
The wight wields an uncursed bow of flame.
It bursts into flame!
The wight shoots an arrow of flame.
The arrow of flame hits you!
You die...

[.......... ##.................#
............#..................#
...........................#..##
............................###
.......#...................##
......###..........[......##
.....## #.............##)#
....## ##.........)...### .....#
##......@.......#
......###.....r........##
#......#...z...()...#.##
...................####
............z.......#
...................##
................#.##
................s##
...............###


You could see 2 wights and a rat.

Vanquished Creatures
  2 ogres
  3 centaurs
  A wight (D:6)
  A goliath beetle (D:6)
  2 crimson imps
  A centaur skeleton (D:6)
  2 worker ants
  2 orc wizards
  An ogre zombie (D:5)
  A mummy (D:3)
  A hound zombie (D:6)
  3 jellies
  7 adders
  A worm zombie (D:6)
  3 worms
  An iguana skeleton (D:4)
  A giant eyeball (D:6)
  A giant gecko (D:5)
  3 oozes
  18 orcs
  13 bats
  3 giant cockroaches
  16 hobgoblins
  A ball python (D:3)
  A giant newt (D:3)
  10 goblins
  7 kobolds
  3 quokkas
  14 rats
  A rat zombie (D:6)
124 creatures vanquished.

Notes
Turn   | Place    | Note
--------------------------------------------------------------
     0 | D:1      | Rycklaryybbe, the Vampire Enchanter, began the quest for the Orb.
     0 | D:1      | Reached XP level 1. HP: 13/13 MP: 4/4
   473 | D:1      | Reached XP level 2. HP: 19/19 MP: 5/5
  1392 | D:2      | Reached skill level 5 in Hexes
  1399 | D:2      | Learned a level 2 spell: Ensorcelled Hibernation
  1630 | D:2      | Found a bloodstained altar of Trog.
  1631 | D:2      | Found a white marble altar of Elyvilon.
  1631 | D:2      | Found a shimmering altar of Xom.
  1663 | D:2      | Found a snail-covered altar of Cheibriados.
  1847 | D:2      | Reached XP level 3. HP: 21/24 MP: 2/6
  2246 | D:3      | Reached skill level 5 in Stealth
  2291 | D:3      | Reached XP level 4. HP: 30/30 MP: 5/8
  3142 | D:3      | Reached skill level 6 in Stealth
  3146 | D:3      | Learned a level 2 spell: Sure Blade
  5164 | D:3      | Reached skill level 7 in Stealth
  5164 | D:3      | Reached XP level 5. HP: 25/35 MP: 1/9
  5537 | D:4      | Found a staircase to the Ecumenical Temple.
  5549 | Temple   | Entered the Ecumenical Temple
  5740 | Temple   | Became a worshipper of Ashenzari the Shackled
  5848 | D:4      | Noticed an ogre
  5878 | D:4      | Killed an ogre
  5878 | D:4      | Reached skill level 8 in Stealth
  7019 | D:4      | Reached skill level 1 in Long Blades
  7153 | D:4      | Noticed Menkaure
  7308 | D:5      | Entered Level 5 of the Dungeon
  7321 | D:5      | Reached XP level 6. HP: 41/41 MP: 5/10
  7446 | D:4      | Reached skill level 9 in Stealth
  7576 | D:5      | Found an ancient bone altar of Kikubaaqudgha.
  7583 | D:5      | Found a glowing silver altar of Zin.
  7813 | D:5      | Noticed a centaur
  7835 | D:5      | Killed a centaur
  8000 | D:5      | Reached XP level 7. HP: 44/46 MP: 11/14
  8010 | D:5      | Learned a level 3 spell: Confuse
  8820 | D:6      | Paralysed by a giant eyeball for 2 turns
 10013 | D:6      | Paralysed by a giant eyeball for 4 turns
 10038 | D:6      | Paralysed by a giant eyeball for 4 turns
 10613 | D:6      | Reached skill level 10 in Stealth
 10617 | D:6      | Shot with an arrow of flame by a wight

Action                   |  1- 3 |  4- 6 |  7- 9 || total
-------------------------+-------+-------+-------++-------
Melee: Dagger            |    74 |   169 |    17 ||   260
       Great sword       |       |    27 |       ||    27
       Long sword        |       |    18 |   108 ||   126
       Scimitar          |       |       |     2 ||     2
Throw: Dart              |     9 |       |       ||     9
       Dagger            |       |       |     1 ||     1
 Cast: Corona            |    10 |    24 |    14 ||    48
       Ensorcelled Hiber |     8 |    53 |    34 ||    95
       Sure Blade        |       |    20 |     1 ||    21
       Confuse           |       |       |     3 ||     3
 Abil: End Transformatio |       |     4 |     3 ||     7
       Bat Form          |       |     4 |     3 ||     7
  Use: Scroll            |       |     5 |     9 ||    14
       Potion            |       |     4 |     1 ||     5
 Stab: Sleeping          |    11 |    41 |     9 ||    61
       Distracted        |     1 |     1 |       ||     2
       Confused          |       |       |     1 ||     1
